 Dungeon Crawl Stone Soup version 0.29-a0-22-gbf593b16ee (webtiles) character file.

Game seed: 14880369716360546337

449 issech the Cudgeller (level 6, -4/61 HPs)
             Began as a Troll Monk on Jan 29, 2022.
             Killed by divine providence
             ... invoked by an orc priest
              (8 damage)
             ... on level 4 of the Dungeon.
             The game lasted 00:18:06 (3270 turns).

issech the Cudgeller (Troll Monk)                   Turns: 3270, Time: 00:18:07

Health: -4/61      AC:  4    Str: 20    XL:     6   Next: 74%
Magic:  5/5        EV: 11    Int:  6    God:
Gold:   114        SH:  0    Dex: 14    Spells: 5/5 levels left

rFire   . . .      SeeInvis .   a - +0 mace
rCold   . . .      Faith    .   (no shield)
rNeg    . . .      Spirit   .   b - +0 robe
rPois   .          Reflect  .   (helmet restricted)
rElec   .          Harm     .   (no cloak)
rCorr   .          Rampage  .   (gloves unavailable)
Will    .....                   (boots unavailable)
Stlth   ++........              (no amulet)
HPRegen 1.00/turn               (no ring)
MPRegen 0.09/turn               (no ring)

@: lethally poisoned (-4 -> -4)
A: large, unfitting armour, claws 3, regeneration 1, shaggy fur 1, tough skin 1
a: no special abilities


You were on level 4 of the Dungeon.
You visited 1 branch of the dungeon, and saw 4 of its levels.
You also visited: Sewer.

You collected 114 gold pieces.

Inventory:

Hand Weapons
 a - a +0 mace (weapon)
 p - a +0 hunting sling
 y - a +0 halberd
Missiles
 c - 29 bolts
 e - 40 sling bullets
 f - 72 stones (quivered)
 i - 3 javelins
 k - 8 poisoned darts
 t - 2 datura-tipped darts
Armour
 b - a +0 robe (worn)
Magical Staves
 n - a staff of earth
Wands
 u - a wand of polymorph (9)
Scrolls
 g - a scroll of fear
 s - a scroll of torment
 x - a scroll of noise {unknown}
 z - a scroll of enchant armour {unknown}
Potions
 d - 3 potions of degeneration {unknown}
 h - a potion of magic {unknown}
 j - a potion of berserk rage {unknown}
 l - a potion of brilliance {unknown}
 m - a potion of mutation {unknown}
 o - 2 potions of curing {unknown}
 q - 3 potions of heal wounds
 r - 3 potions of flight
 v - a potion of might
 w - a potion of cancellation {unknown}


   Skills:
 + Level 3.6 Fighting
 + Level 4.9 Maces & Flails
 + Level 0.6 Throwing
 + Level 3.7 Dodging
 + Level 1.6 Stealth
 + Level 0.1 Unarmed Combat


You had 5 spell levels left.
You didn't know any spells.
Your spell library contained the following spells:

 Spells                   Type           Power      Damage    Failure   Level
 Pain                     Necr           0%         1d4       45%         1
 Agony                    Necr           0%         N/A       100%        5
 Excruciating Wounds      Necr           0%         N/A       100%        5


Dungeon Overview and Level Annotations

Branches:
Dungeon (4/15)              Sewer (visited)
 Temple: D:4-7

Altars:

Shops:
D:3 ::(*:


Innate Abilities, Weirdness & Mutations

You are too large for most types of armour.
You have claws for hands.
Your natural rate of healing is unusually fast.
You are covered in fur. (AC +1)
You have tough skin. (AC +1)


Message History

You feel sick.
You are no longer poisoned.
You thump the scorpion!
The scorpion is heavily wounded.
The scorpion barely misses you.
You hit the scorpion.
The scorpion is severely wounded.
The scorpion stings you. The scorpion closely misses you.
The orc priest looks braver for a moment.
You hit the scorpion.
The scorpion is almost dead.
The scorpion stings you but does no damage.
You sock the scorpion!
You kill the scorpion!
The scorpion stings you but does no damage.
You hit the scorpion but do no damage.
The scorpion stings you but does no damage.
You barely miss the scorpion. The scorpion stings you.
You hit the scorpion but do no damage. You claw the scorpion.
The scorpion is moderately wounded.
The scorpion stings you.
* * * LOW HITPOINT WARNING * * *
You are poisoned.
The scorpion poisons you! The scorpion barely misses you.
Found a leather armour.
You feel very sick.
The orc priest invokes the aid of Beogh against you.
Beogh smites you!
* * * LOW HITPOINT WARNING * * *
Found 2 white potions.
You feel very sick.
You feel sick.
You feel sick.
You feel sick. The scorpion barely misses you.
You feel sick.
You feel sick.
You feel sick.
The orc priest calls down the wrath of Beogh upon you.
Beogh smites you!
You die...

#.#.#
##.#.####
+..o...[+
##.#.####
#.#o#
#o#.########
#o#.........
#.#s........
#h#@........
#.#.........
#.'.........
###.........
#.........
#.........
..........
....######
.....#


You could see a scorpion, an orc priest and an orc.

Vanquished Creatures
  A kobold brigand (Sewer)
  A scorpion (D:4)
  An orc priest (D:3)
  Jessica (D:2)
  Natasha (thrice) (D:2)
  3 gnolls
  4 adders
  3 river rats
  An ufetubus (D:2)
  2 worms (D:3)
  A dart slug (D:2)
  2 orcs (D:3)
  6 ball pythons
  6 bats
  9 endoplasms
  A giant cockroach (D:1)
  4 hobgoblins
  A jackal (Sewer)
  3 quokkas
  4 frilled lizards
  11 goblins
  12 kobolds
  9 rats
89 creatures vanquished.

Notes
Turn   | Place    | Note
-------+----------+-------------------------------------------
     0 | D:1      | issech the Troll Monk began the quest for the Orb.
     0 | D:1      | Reached XP level 1. HP: 22/22 MP: 0/0
   123 | D:1      | Reached XP level 2. HP: 29/29 MP: 1/1
   219 | D:1      | Reached skill level 3 in Maces & Flails
   535 | D:1      | Reached XP level 3. HP: 36/36 MP: 2/2
   911 | D:2      | Noticed Natasha
   925 | D:2      | Killed Natasha
   926 | D:2      | Reached XP level 4. HP: 22/44 MP: 3/3
  1142 | D:2      | Found a faded altar of an unknown god.
  1154 | D:2      | Noticed Natasha
  1166 | D:2      | Killed Natasha
  1237 | D:2      | Noticed Jessica
  1255 | D:2      | Killed Jessica
  1256 | D:2      | Reached skill level 4 in Maces & Flails
  1256 | D:2      | Reached XP level 5. HP: 53/53 MP: 4/4
  1358 | D:2      | Noticed Natasha
  1370 | D:2      | Killed Natasha
  1499 | D:3      | Found Qalil's Book Emporium.
  1645 | D:3      | Found Buorch's General Store.
  1729 | D:3      | Found Momea's Book Boutique.
  1785 | D:3      | Found a glowing drain.
  1791 | Sewer    | Entered a sewer
  2082 | Sewer    | Reached XP level 6. HP: 16/61 MP: 5/5
  2188 | Sewer    | Found a white marble altar of Elyvilon.
  2591 | D:3      | Found Rovourph's Weapon Boutique.
  2938 | D:3      | Found Loigumuk's Book Boutique.
  3199 | D:3      | HP: 1/61 [adder (4)]
  3270 | D:4      | Killed from afar by an orc priest

Illustrated notes

Levels and vault maps discovered:
D:1:      matt_arrival_diagonals, layout_basic, minmay_tiny_reverse_x
D:2:      layout_basic, basic_ecumenical_altar, uniq_jessica, uniq_natasha
D:3:      layout_basic, lightli_sewer_entry_pipes, serial_shops,
          nicolae_shop_statue_plus, shop, shop, nicolae_shop_behind_doors, shop
D:4:      layout_basic, minmay_temple_entry_purple_smoke

Skill      XL: |  1  2  3  4 |
---------------+-------------+-----
Maces & Flails | 3 4 |  4.9
Fighting       | 3 |  3.6
Dodging        | 3 |  3.7
Throwing       | |  0.6
Stealth        | |  1.6
Unarmed Combat | |  0.1

Action                   |  1- 3 |  4- 6 || total
-------------------------+-------+-------++-------
Melee: Mace              |   123 |   209 ||   332
       Unarmed           |       |     5 ||     5
       Punch             |       |     3 ||     3
 Fire: Hunting sling     |       |     5 ||     5
Throw: Stone             |       |    24 ||    24
  Use: Scroll            |       |     2 ||     2
       Potion            |       |     2 ||     2
 Stab: Sleeping          |     3 |     2 ||     5
Armor: Robe              |    59 |   100 ||   159
Dodge: Dodged            |    86 |   229 ||   315

Table legend: (Time is in decaauts)
 A = Elapsed time spent in this place.
 B = Non-inter-level travel time spent in this place.
 C = Inter-level travel time spent in this place.
 D = Time resting spent in this place.
 E = Time spent auto-exploring this place.
 F = Levels seen in this place.
 G = Mean time per level.
                   A        B        C        D        E       F      G
               +--------+--------+--------+--------+--------+-----+--------+
         Total |   3516 |   3345 |    171 |     55 |    903 |   5 |  703.2 |
       Dungeon |   2927 |   2756 |    171 |     55 |    903 |   4 |  731.8 |
         Sewer |    589 |    589 |      0 |      0 |      0 |   1 |  589.0 |
               +--------+--------+--------+--------+--------+-----+--------+

Top non-repeatable levels by time:
     D:3: 1380 daAuts
     D:1: 848 daAuts
     D:2: 664 daAuts
   Sewer: 589 daAuts
     D:4: 34 daAuts
